 Dungeon Crawl Stone Soup version 0.31-a0-479-g91c9547826 (webtiles) character file.

Game seed: 8680535969055810055

90 Ethylacetat the Trooper (level 4, -2/24 HPs)
             Began as a Vine Stalker Monk on Aug 7, 2023.
             Slain by a gnoll bouda
             ... wielding a +0 whip
              (7 damage)
             ... on level 4 of the Dungeon.
             The game lasted 00:02:45 (1648 turns).

Ethylacetat the Trooper (Vine Stalker Monk)         Turns: 1648, Time: 00:02:46

Health: -2/24      AC:  5    Str: 13    XL:     4   Next: 56%
Magic:  0/8        EV: 11    Int: 10    God:
Gold:   106        SH:  0    Dex: 19    Spells: 7/7 levels left

rFire   . . .        a - +0 hand axe
rCold   . . .        d - orb {light}
rNeg    . . .        f - +0 ring mail
rPois   .            (no helmet)
rElec   .            (no cloak)
rCorr   .            (no gloves)
SInv    .            (no boots)
Will    .....        (no amulet)
Stlth   +            (no ring)
HPRegen 1.04/turn    (no ring)
MPRegen 0.11/turn

%: guardian spirit
@: weakened, glowing
A: fangs 2, regeneration 1, magic shield, antimagic bite, no potion heal 2
a: no special abilities


You were on level 4 of the Dungeon.
You visited 1 branch of the dungeon, and saw 3 of its levels.

You collected 106 gold pieces.

Inventory:

Hand Weapons
 a - a +0 hand axe (weapon)
Missiles
 p - 3 atropa-tipped darts
Armour
 d - an orb of light (worn)
 f - a +0 ring mail (worn)
Talismans
 g - a talisman of death
Scrolls
 b - a scroll of enchant armour {unknown}
 i - 2 scrolls of identify {unknown}
 l - a scroll of torment {unknown}
 o - a scroll of noise {unknown}
Potions
 c - a potion of ambrosia
 e - a potion of degeneration {unknown}
 h - a potion of heal wounds {unknown}
 j - a potion of haste {unknown}
 k - 2 potions of curing {unknown}
 m - a potion of brilliance {unknown}
 n - a potion of mutation {unknown}


   Skills:
 + Level 3.5 Fighting
 - Level 2.6 Axes
 - Level 2.4 Dodging
 + Level 2.2 Spellcasting
 * Level 1.5 Shapeshifting


You had 7 spell levels left.
You didn't know any spells.
Your spell library was empty.

Dungeon Overview and Level Annotations

Branches:
Dungeon (2/15)

Altars:


Innate Abilities, Weirdness & Mutations

You have extremely sharp teeth.
Your natural rate of healing is unusually fast.
When hurt, damage is shared between your health and your magic reserves.
Your bite disrupts and absorbs the magic of your enemies.
Potions cannot restore your health.


Message History

The gnoll hits you with a +0 flail!
The gnoll bouda gazes fiercely through you!
You feel as though you will be weak longer.
The gnoll bouda barely misses you.
You barely miss the gnoll. You bite the gnoll, but do no damage.
The gnoll is severely wounded.
You hit the gnoll bouda. The gnoll hits you with a +0 flail.
The gnoll bouda barely misses you.
You hit the gnoll but do no damage.
The gnoll is severely wounded.
You hit the gnoll bouda.
The gnoll is no longer moving quickly.
The gnoll misses you.
The gnoll bouda hits you with a +0 whip!
* * * LOW HITPOINT WARNING * * *
The gnoll closely misses you.
You hit the gnoll.
The gnoll is almost dead.
You hit the gnoll bouda but do no damage.
The gnoll bouda completely misses you. The gnoll barely misses you.
You hit the gnoll.
You kill the gnoll!
You hit the gnoll bouda but do no damage.
The gnoll bouda hits you with a +0 whip!
* * * LOW HITPOINT WARNING * * *
The gnoll bouda closely misses you.
Unknown command.
You hit the gnoll bouda but do no damage.
You bite the gnoll bouda, but do no damage.
The gnoll bouda is lightly wounded.
The gnoll bouda hits you with a +0 whip.
* * * LOW HITPOINT WARNING * * *
You hit the gnoll bouda but do no damage.
The gnoll bouda is lightly wounded.
The gnoll bouda hits you with a +0 whip.
* * * LOW HITPOINT WARNING * * *
You hit the gnoll bouda but do no damage.
You bite the gnoll bouda, but do no damage.
The gnoll bouda is lightly wounded.
The gnoll bouda hits you with a +0 whip!
You die...

.......#### ..#.##.#
.......#### ..#..
.......##.. ..#
#########.### +##..####
########.#.. .........
##.....##.#.# #........
.#.....##.#.####........
.......##'#.............
......##....#...@)......
......##....#)...g......
............#...........
###+#...#+#######.......
#.....# ....... #.#....#
....... #...#....
..##### ....#..### .##
.....#...#


You could see a gnoll bouda.

Vanquished Creatures
  3 gnolls (D:4)
  A worm (D:2)
  2 orcs (D:4)
  3 ball pythons
  4 bats
  2 endoplasms (D:2)
  7 giant cockroaches
  4 goblins
  3 hobgoblins (D:1)
  3 jackals (D:4)
  5 kobolds
  5 quokkas
  4 frilled lizards
  4 rats
50 creatures vanquished.

Notes
Turn   | Place    | Note
-------+----------+-------------------------------------------
     0 | D:1      | Ethylacetat the Vine Stalker Monk began the quest for the
                  | Orb.
     0 | D:1      | Reached XP level 1. HP: 11/11 MP: 2/2
   107 | D:1      | Reached skill level 1 in Spellcasting
   107 | D:1      | Reached XP level 2. HP: 9/16 MP: 4/4
   109 | D:1      | Reached skill level 3 in Fighting
   719 | D:1      | Reached XP level 3. HP: 19/20 MP: 4/6
  1447 | D:2      | You fall into a shaft and drop 2 floors!
  1509 | D:4      | Reached skill level 1 in Shapeshifting
  1578 | D:4      | Gained mutation: Your natural rate of healing is unusually
                  | fast. [Vine Stalker growth]
  1578 | D:4      | Reached XP level 4. HP: 21/24 MP: 6/8
  1648 | D:4      | Slain by a gnoll bouda

Illustrated notes

Levels and vault maps discovered:
D:1:      minmay_arrival_four_loops, layout_loops_corners
D:2:      layout_loops_cross
D:4:      layout_basic, lemuel_tele_altar, corexii_shack

Skill      XL: |  1  2  3 |
---------------+----------+-----
Spellcasting   | 1 2 |  2.2
Fighting       | 3 |  3.5
Shapeshifting  | 1 |  1.5
Axes           | |  2.6
Dodging        | |  2.4

Action                     |  1- 3 |  4- 6 || total
---------------------------+-------+-------++-------
  Melee: Hand axe          |    92 |    24 ||   116
         Bite              |    29 |    10 ||    39
 Armour: Robe              |     3 |       ||     3
         Ring mail         |    22 |     1 ||    23
  Dodge: Dodged            |    55 |    15 ||    70

Table legend: (Time is in decaauts)
 A = Elapsed time spent in this place.
 B = Non-inter-level travel time spent in this place.
 C = Inter-level travel time spent in this place.
 D = Time resting spent in this place.
 E = Time spent auto-exploring this place.
 F = Levels seen in this place.
 G = Mean time per level.
                   A        B        C        D        E       F      G
               +--------+--------+--------+--------+--------+-----+--------+
         Total |   1667 |   1580 |     87 |      0 |   1284 |   3 |  555.7 |
       Dungeon |   1667 |   1580 |     87 |      0 |   1284 |   3 |  555.7 |
               +--------+--------+--------+--------+--------+-----+--------+

Top non-repeatable levels by time:
     D:1: 1088 daAuts
     D:2: 372 daAuts
     D:4: 207 daAuts
